 Dungeon Crawl Stone Soup version 0.26.1-2-gb8aa6d0cf2 (webtiles) character file.

Game seed: 5997038356001787501

1100 FishyPogo the Skirmisher (level 8, -1/120 HPs)
             Began as a Troll Berserker on Feb 18, 2021.
             Was an Elder of Trog.
             Slain by Duvessa
             ... wielding a +0 rapier
              (6 damage)
             ... on level 5 of the Dungeon.
             The game lasted 00:12:48 (3791 turns).

FishyPogo the Skirmisher (Troll Berserker)          Turns: 3791, Time: 00:12:48

Health: -1/120     AC:  6    Str: 28    XL:     8   Next: 10%
Magic:  7/7        EV: 10    Int:  3    God:    Trog [****..]
Gold:   243        SH:  0    Dex:  9    Spells: 7/7 levels left

rFire    + . .     SeeInvis .   j - +1 hand axe (freeze)
rCold    . . .     Faith    .   (no shield)
rNeg     . . .     Spirit   .   a - +0 animal skin
rPois    .         Reflect  .   (helmet restricted)
rElec    .         Harm     .   (no cloak)
rCorr    .         Rampage  .   (gloves unavailable)
Will     .....                  (boots unavailable)
Stlth    ..........             h - amulet of magic regeneration
HPRegen  0.70/turn              p - ring of protection from fire
MPRegen  0.35/turn              (no ring)

@: berserking, very quick
A: large, unfitting armour, claws 3, regeneration 1, shaggy fur 1, tough skin 3
a: Renounce Religion, Berserk, Trog's Hand, Brothers in Arms


You were on level 5 of the Dungeon.
You worshipped Trog.
Trog was greatly pleased with you.
You visited 1 branch of the dungeon, and saw 5 of its levels.

You collected 243 gold pieces.

Inventory:

Hand Weapons
 j - a +1 hand axe of freezing (weapon)
 q - a +0 vorpal falchion
Missiles
 c - 41 sling bullets
 d - 120 stones (quivered)
 n - 4 poisoned darts
Armour
 a - a +0 animal skin (worn)
 b - a +0 kite shield
Jewellery
 h - an amulet of magic regeneration (around neck)
 p - a ring of protection from fire (left claw)
Wands
 v - a wand of polymorph (9)
 B - a wand of enslavement (6)
Scrolls
 f - 5 scrolls of magic mapping {unknown}
 g - 9 scrolls of identify {unknown}
 k - a scroll of fog {unknown}
 l - 4 scrolls of teleportation {unknown}
 m - 2 scrolls of random uselessness {unknown}
 r - 4 scrolls of remove curse {unknown}
 s - 2 scrolls of fear {unknown}
 w - 2 scrolls of enchant armour {unknown}
 y - a scroll of enchant weapon {unknown}
 A - a scroll of amnesia {unknown}
Potions
 e - 5 potions of curing {unknown}
 i - 2 potions of flight {unknown}
 o - 3 potions of mutation {unknown}
 t - a potion of invisibility {unknown}
 u - 2 potions of attraction {unknown}
 x - a potion of heal wounds {unknown}
 z - a potion of lignification {unknown}
 C - a potion of might {unknown}


   Skills:
 * Level 5.2 Fighting
 * Level 3.8 Axes
 + Level 2.6 Throwing
 - Level 3.0 Dodging
 + Level 3.1 Shields
 - Level 3.5 Unarmed Combat


You had 7 spell levels left.
You didn't know any spells.
Your spell library was empty.

Dungeon Overview and Level Annotations

Branches:
Dungeon (5/15)             Temple (0/1) D:4

Altars:
Kikubaaqudgha
Ru
Uskayaw

Shops:
D:5 [

Annotations:
D:5 Dowan, Duvessa


Innate Abilities, Weirdness & Mutations

You are too large for most types of armour.
You have claws for hands.
Your natural rate of healing is unusually fast.
You are covered in fur. (AC +1)
You have extremely tough skin. (AC +3)


Message History

You kill the gnoll!
Trog accepts your kill. Duvessa closely misses you.
The gnoll hits you with a +0 spear.
* * * LOW HITPOINT WARNING * * *
Items here: ))) ††.
You slash Duvessa! You freeze Duvessa.
Duvessa is moderately wounded.
You completely miss the gnoll. The gnoll hits you but does no damage.
Duvessa hits you with a +0 rapier!
* * * LOW HITPOINT WARNING * * *
Okay, then.
You barely miss the gnoll. You hit Duvessa. You freeze Duvessa.
Dowan smirks and points a slender finger.
You barely miss the gnoll. You closely miss Duvessa.
The gnoll hits you but does no damage. Duvessa hits you with a +0 rapier.
* * * LOW HITPOINT WARNING * * *
You are too berserk!
You closely miss the gnoll. You slash Duvessa! You freeze Duvessa.
The gnoll hits you but does no damage. Duvessa hits you with a +0 rapier.
You die...

#..# #..# #..# ####..# .<
..#####.....### #...
.........##...## #####.....
..######.####..####.........
#...####.gee..# #.#.#
##@##### #...# #..# #.#.#
##.# #...# #.##
#.#.######..# #...#.......##
#.###........#
###...#........#
######.#.#.#........##


You could see Duvessa, Dowan and a gnoll.

Vanquished Creatures
  An ogre (D:4)
  A sky beast (D:3)
  A phantom (D:5)
  3 centaurs
  A scorpion (D:4)
  A howler monkey (D:4)
  3 hounds
  An orc priest (D:4)
  A bullfrog skeleton (D:4)
  2 iguanas (D:5)
  2 worker ants (D:4)
  Robin (D:3)
  A howler monkey skeleton (D:4)
  3 gnolls (D:5)
  7 adders
  A shadow imp (D:5)
  A white imp (D:5)
  An ooze (D:1)
  4 worms
  3 dart slugs
  5 leopard geckos
  4 orcs
  5 bats
  A giant cockroach (D:3)
  18 goblins
  9 hobgoblins
  20 jackals
  4 quokkas
  A ball python (D:2)
  6 frilled lizards
  11 kobolds
  9 rats
  2 rat zombies (D:3)
134 creatures vanquished.

Notes
Turn   | Place    | Note
-------+----------+-------------------------------------------
     0 | D:1      | FishyPogo the Troll Berserker began the quest for the Orb.
     0 | D:1      | Reached XP level 1. HP: 22/22 MP: 0/0
    90 | D:1      | Reached XP level 2. HP: 29/29 MP: 1/1
   203 | D:1      | Reached XP level 3. HP: 35/36 MP: 2/2
   246 | D:1      | Reached ** piety under Trog
   253 | D:1      | Reached skill level 3 in Fighting
   422 | D:1      | Reached skill level 1 in Shields
   888 | D:2      | Found a sacrificial altar of Ru.
   969 | D:2      | Reached XP level 4. HP: 45/45 MP: 3/3
  1491 | D:3      | Noticed a sky beast
  1510 | D:3      | Killed a sky beast
  1511 | D:3      | Reached skill level 1 in Axes
  1511 | D:3      | Reached XP level 5. HP: 46/53 MP: 4/4
  1620 | D:3      | Noticed Robin
  1628 | D:3      | Killed Robin
  1693 | D:3      | Reached *** piety under Trog
  1948 | D:3      | Reached skill level 1 in Throwing
  2085 | D:3      | Found an ancient bone altar of Kikubaaqudgha.
  2169 | D:4      | Noticed a centaur
  2182 | D:4      | Reached XP level 6. HP: 52/62 MP: 5/5
  2236 | D:4      | Reached skill level 4 in Fighting
  2475 | D:4      | Reached XP level 7. HP: 71/71 MP: 6/6
  2520 | D:5      | Entered Level 5 of the Dungeon
  2794 | D:4      | Found a staircase to the Ecumenical Temple.
  3227 | D:5      | Found Qisadum's Armour Shoppe.
  3373 | D:5      | Reached skill level 5 in Fighting
  3629 | D:5      | Reached XP level 8. HP: 76/80 MP: 7/7
  3647 | D:5      | Found a hide-covered altar of Uskayaw.
  3760 | D:5      | Noticed Duvessa
  3760 | D:5      | Noticed Dowan
  3780 | D:5      | Reached **** piety under Trog
  3790 | D:5      | HP: 5/120 [Duvessa/+0 rapier (3)]
  3791 | D:5      | Slain by Duvessa

Illustrated notes

Levels and vault maps discovered:
D:1:      sevenhm_arrival_forest_fort_large_2, layout_rooms
D:2:      layout_loops_cross, nicolae_ru_the_path_less_chosen
D:3:      layout_rooms, lemuel_zombie_altar_kikubaaqudgha, uniq_robin
D:4:      layout_gridville, minmay_temple_entry_large_hall
D:5:      layout_cave_pods, eat_drink_and_be_merry_uskayaw, serial_shops, shop,
          hangedman_minor_gate_pass, uniq_duvessa

Skill      XL: |  1  2  3  4  5  6  7 |
---------------+----------------------+-----
Fighting       | 3 4 5 |  5.2
Shields        | 1 2 3 |  3.1
Axes           | 1 2 3 |  3.8
Dodging        | 3 |  3.0
Throwing       | 1 2 |  2.6
Unarmed Combat | |  3.5

Action                   |  1- 3 |  4- 6 |  7- 9 || total
-------------------------+-------+-------+-------++-------
Melee: Unarmed           |   108 |    10 |       ||   118
       Hand axe          |       |   171 |   138 ||   309
       Punch             |       |     3 |       ||     3
Throw: Stone             |       |     3 |     6 ||     9
Invok: Berserk           |       |     1 |     1 ||     2
Armor: Animal skin       |    33 |   113 |    53 ||   199
Dodge: Dodged            |    72 |   123 |    89 ||   284
